 Dungeon Crawl Stone Soup version 0.16-a0-282-ga87e286 (webtiles) character file.

383 Ratboiler the Twirler (level 6, -3/47 HPs)
             Began as a Demonspawn Gladiator on Aug 27, 2014.
             Was an Initiate of Okawaru.
             Killed by divine providence
             ... invoked by an orc priest
              (13 damage)
             ... on Level 4 of the Dungeon.
             The game lasted 00:08:53 (3602 turns).

Ratboiler the Twirler (Demonspawn Gladiator)        Turns: 3602, Time: 00:08:54

HP  -3/47        AC 13     Str 18      XL: 6   Next: 47%
MP   6/6         EV 11     Int 10      God: Okawaru [......]
Gold 145         SH  0     Dex 20      Spells:  0 memorised,  5 levels left

rFire  . . .     SeeInvis .     a - +0 quarterstaff
rCold  . . .     Clarity  .     v - +0 chain mail
rNeg   . . .     rCorr    .     (no shield)
rPois  .         rRot     .     c - +0 helmet
rElec  .         Spirit   .     m - +0 cloak
SustAb .         Warding  .     (no gloves)
rMut   .         Stasis   .     (no boots)
Gourm  .                        (no amulet)
MR     .....                    (no ring)
                                r - +3 ring of strength

@: agile, not resistant to hostile enchantments, extremely unstealthy
A: claws 1, yellow scales 1, powered by pain 1
a: Renounce Religion


You were on level 4 of the Dungeon.
You worshipped Okawaru.
Okawaru was noncommittal.
You were not hungry.

You visited 1 branch of the dungeon, and saw 4 of its levels.

You collected 145 gold pieces.

Inventory:

Hand weapons
 a - a +0 quarterstaff (weapon)
 b - a +0 shortbow of flaming
Missiles
 d - 3 throwing nets (quivered)
 q - 59 arrows
Armour
 c - a +0 helmet (worn)
 m - a +0 cloak (worn)
 v - a +0 chain mail (worn)
Magical devices
 s - a wand of confusion (6)
Comestibles
 f - a bread ration
 h - 3 meat rations
 z - 2 chunks of orc flesh
Scrolls
 e - a scroll of enchant weapon {unknown}
 g - 2 scrolls of remove curse {unknown}
 i - a scroll of fog {unknown}
 n - a scroll of identify {unknown}
 p - a scroll of noise {unknown}
 t - a scroll of magic mapping {unknown}
Jewellery
 r - a +3 ring of strength (left claw)
 w - a +2 ring of intelligence {unknown}
Potions
 j - 2 potions of cancellation {unknown}
 k - 2 potions of haste {unknown}
 l - 3 potions of curing
 o - a potion of brilliance {unknown}
 u - a potion of restore abilities {unknown}
 x - a potion of poison {unknown}


   Skills:
 + Level 3.2 Fighting
 * Level 4.7 Staves
 - Level 1.7 Throwing
 + Level 2.4 Armour
 + Level 3.9 Dodging


You had 5 spell levels left.
You didn't know any spells.

Dungeon Overview and Level Annotations

Branches:
Dungeon (4/15)
 Temple: D:4-7

Altars:
Cheibriados
Nemelex Xobeh
Okawaru
Sif Muna
Trog


Innate Abilities, Weirdness & Mutations

You have sharp fingernails.
You are partially covered in yellow scales (AC +2).
You sometimes gain a little power by taking damage.


Message History

You barely miss the orc priest.
The orc priest is severely wounded.
The orc priest hits you but does no damage.
You hit the orc priest but do no damage.
The orc priest is severely wounded.
The orc priest mumbles some strange prayers to Beogh against you.
Something smites you!
* * * LOW HITPOINT WARNING * * *
You focus on the pain.
You feel agile all of a sudden.
Your chain mail prevents you from hitting the orc priest.
The orc priest is severely wounded.
The orc priest calls down the wrath of Beogh upon you.
Something smites you!
* * * LOW HITPOINT WARNING * * *
Drink which item? (? for menu, Esc to quit)
You feel better.
It was a potion of curing.
The orc priest calls down the wrath of Beogh upon you.
Something smites you!
You die...

#.##.####<# #
#)# #.####.###
#....<#..#
......###.#....
..... #.####..#
.##...##.####..#
...............#
###.....@####.#
#.##.#.o.# #
#.###(... #.
#..... #. ..(..
#. ... . .


You could see an orc priest.

Vanquished Creatures
  A centaur (D:2)
  An orc priest (D:3)
  3 orc wizards
  6 adders
  4 gnolls (D:2)
  3 worms
  A giant gecko (D:3)
  8 orcs
  3 giant cockroaches
  6 hobgoblins
  10 kobolds
  4 quokkas
  A ball python (D:1)
  6 bats
  6 giant newts
  3 goblins
  7 jackals
  6 rats
79 creatures vanquished.

Notes
Turn   | Place    | Note
--------------------------------------------------------------
     0 | D:1      | Ratboiler, the Demonspawn Gladiator, began the quest for the Orb.
     0 | D:1      | Reached XP level 1. HP: 16/16 MP: 1/1
   525 | D:1      | Gained mutation: You sometimes gain a little power by taking damage. [demonic ancestry]
   525 | D:1      | Reached XP level 2. HP: 19/22 MP: 2/2
   547 | D:1      | Reached skill level 3 in Staves
   761 | D:2      | Reached skill level 1 in Armour
   864 | D:2      | Gained mutation: You have sharp fingernails. [demonic ancestry]
   864 | D:2      | Reached XP level 3. HP: 8/27 MP: 3/3
  1763 | D:2      | Reached XP level 4. HP: 34/34 MP: 4/4
  1905 | D:2      | Noticed a centaur
  1961 | D:2      | Killed a centaur
  1961 | D:2      | Reached skill level 4 in Staves
  1961 | D:2      | Reached XP level 5. HP: 14/39 MP: 5/5
  2353 | D:2      | Found an iron altar of Okawaru.
  2377 | D:2      | Found a deep blue altar of Sif Muna.
  2377 | D:2      | Found a snail-covered altar of Cheibriados.
  2386 | D:2      | Became a worshipper of Warmaster Okawaru
  2923 | D:3      | Gained mutation: You are partially covered in yellow scales (AC +2). [demonic ancestry]
  2923 | D:3      | Reached XP level 6. HP: 47/47 MP: 6/6
  3099 | D:3      | Found a sparkling altar of Nemelex Xobeh.
  3099 | D:3      | Found a bloodstained altar of Trog.
  3601 | D:4      | HP: 1/47 [orc priest/divine providence (13)]
  3602 | D:4      | Killed from afar by an orc priest

Action                   |  1- 3 |  4- 6 || total
-------------------------+-------+-------++-------
Melee: Quarterstaff      |   124 |   145 ||   269
 Fire: Shortbow          |       |    14 ||    14
  Use: Potion            |       |     1 ||     1
  Eat: Chunk             |     1 |     3 ||     4
       Bread ration      |     1 |       ||     1
